 Dungeon Crawl Stone Soup version 0.29.1-2-gbd0b4ee654 (console) character file.

Game seed: 4510022606617019847

1568 MakMorn the Thaumaturge (level 8, -2/40 (41) HPs)
             Began as a Deep Elf Hedge Wizard on Nov 6, 2022.
             Was a Follower of Kikubaaqudgha.
             Slain by a wight
             ... wielding a +5 flail
              (8 damage)
             ... on level 7 of the Dungeon.
             The game lasted 00:37:39 (9435 turns).

MakMorn the Thaumaturge (Deep Elf Hedge Wizard)     Turns: 9435, Time: 00:37:39

HP:   -2/40 (41)    AC:  4    Str: 13    XL:     8   Next: 59%
MP:   3/23          EV: 13    Int: 22    God:    Kikubaaqudgha [*.....]
Gold: 235           SH:  4    Dex: 14    Spells: 10/26 levels left

rFire   . . .      SeeInvis .   b - +2 spear (freeze)
rCold   . . .      Faith    .   i - +0 buckler
rNeg    . . .      Spirit   .   w - +0 robe
rPois   .          Reflect  .   c - +0 hat
rElec   .          Harm     .   e - +0 cloak
rCorr   .          Rampage  .   g - +0 pair of gloves
Will    .....                   (no boots)
Stlth   ++........              (no amulet)
HPRegen 0.13/turn               o - +6 ring of strength
MPRegen 0.18/turn               (no ring)

@: very slightly contaminated, lightly drained
A: no striking features
a: Renounce Religion, Unearth Wretches


You were on level 7 of the Dungeon.
You worshipped Kikubaaqudgha.
Kikubaaqudgha was aware of your devotion.
You visited 2 branches of the dungeon, and saw 8 of its levels.

You collected 346 gold pieces.
You spent 111 gold pieces at shops.

Inventory:

Hand Weapons
 a - a +2 dagger of draining
 b - a +2 spear of freezing (weapon)
 h - a +1 whip of draining
 r - a +0 falchion
 s - a +0 dagger
 H - the +4 long sword of Focus {vorpal, rF+ Will- Dex+2}
   (You found it on level 5 of the Dungeon)

   It inflicts extra damage upon your enemies.
   Dex:       It affects your dexterity (+2).
   rF:        It protects you from fire.
   Will:      It decreases your willpower.
Missiles
 v - 2 throwing nets
 y - 3 boomerangs
Armour
 c - a +0 hat (worn)
 e - a +0 cloak (worn)
 g - a +0 pair of gloves (worn)
 i - a +0 buckler (worn)
 w - a +0 robe (worn)
Magical Staves
 j - a staff of poison
Jewellery
 n - a ring of fire
 o - a +6 ring of strength (left hand)
Wands
 G - a wand of flame (7)
Scrolls
 f - 2 scrolls of enchant weapon
 m - a scroll of immolation
 p - 5 scrolls of teleportation
 q - a scroll of butterflies {unknown}
 A - a scroll of silence
Potions
 d - 3 potions of magic
 k - a potion of resistance
 l - 4 potions of curing {unknown}
 t - a potion of degeneration
 x - 2 potions of might
 z - a potion of attraction {unknown}
 B - 3 potions of brilliance {unknown}
 C - 3 potions of flight {unknown}
 E - a potion of berserk rage {unknown}
 F - 2 potions of heal wounds {unknown}


   Skills:
 - Level 4.0 Dodging
 - Level 2.4 Stealth
 * Level 1.8 Shields
 * Level 9.8 Spellcasting
 * Level 4.9 Conjurations
 - Level 3.0 Summonings
 * Level 3.0 Necromancy
 - Level 1.1 Translocations
 * Level 1.8 Fire Magic
 * Level 2.4 Air Magic
 - Level 2.0 Earth Magic
 * Level 2.7 Poison Magic


You had 10 spell levels left.
You knew the following spells:

 Your Spells              Type           Power      Damage    Failure   Level
a - Magic Dart            Conj           100%       1d8       1%          1
c - Mephitic Cloud        Conj/Pois/Air  25%        N/A       6%          3
f - Conjure Flame         Conj/Fire      25%        6-21      6%          3
i - Call Imp              Summ           23%        N/A       3%          2
p - Poisonous Vapours     Pois/Air       44%        N/A       4%          2
s - Stone Arrow           Conj/Erth      52%        3d10      6%          3
B - Blink                 Tloc           30%        N/A       8%          2

Your spell library contained the following spells:

 Spells                   Type           Power      Damage    Failure   Level
 Necrotise                Necr           96%        1d8       2%          1
 Sublimation of Blood     Necr           24%        N/A       3%          2
 Vampiric Draining        Necr           24%        2d7       7%          3
 Slow                     Hex            40%        N/A       9%          1
 Spider Form              Tmut/Pois      16%        N/A       14%         3
 Corpse Rot               Necr/Pois/Air  22%        N/A       26%         4
 Animate Armour           Summ/Erth      42%        N/A       28%         4
 Anguish                  Hex/Necr       8%         N/A       41%         4
 Petrify                  Tmut/Erth      15%        N/A       47%         4
 Irradiate                Conj/Tmut      10%        3d15      63%         5
 Summon Forest            Summ/Tloc      9%         N/A       67%         5
 Summon Mana Viper        Hex/Summ       17%        N/A       77%         5
 Summon Cactus Giant      Summ           11%        N/A       98%         6
 Lehudib's Crystal Spear  Conj/Erth      13%        10d4      100%        8


Dungeon Overview and Level Annotations

Branches:
Dungeon (7/15)             Temple (1/1) D:4

Altars:
Ashenzari
Cheibriados
Dithmenos
Fedhas
Gozag
Hepliaklqana
Kikubaaqudgha
Makhleb
Nemelex Xobeh
Okawaru
Qazlal
Ru
Trog
Uskayaw
Wu Jian
Yredelemnul
Zin
The Shining One

Shops:
D:4 *

Annotations:
D:7 Dowan
Temple 2 transporters


Message History

Press: ? - help, Q - select action, (/) - cycle Shift-Dir - straight line, f/p - wight
Aim: a wight, wielding a +0 battleaxe and wearing a +0 robe (71% to hit)
The stone arrow hits the wight!!
The wight is almost destroyed.
Aiming: Stone Arrow (dangerous; 6% risk of failure)
Press: ? - help, Q - select action, (/) - cycle Shift-Dir - straight line, f/p - wight
Aim: a wight, wielding a +0 battleaxe and wearing a +0 robe (almost destroyed, 71% to hit)
The stone arrow misses the wight.
The wight hits you with a +0 battleaxe!
You feel drained.
Aiming: Stone Arrow (dangerous; 6% risk of failure)
Press: ? - help, Q - select action, (/) - cycle Shift-Dir - straight line, f/p - wight
Aim: a wight, wielding a +0 battleaxe and wearing a +0 robe (almost destroyed, 71% to hit)
The stone arrow hits the wight!
You destroy the wight!
Kikubaaqudgha accepts your kill. The wight hits you with a +5 flail.
Your life force feels restored.
Aiming: Stone Arrow (dangerous; 6% risk of failure)
Press: ? - help, Q - select action, (/) - cycle Shift-Dir - straight line, f - wight
Aim: a wight, wielding a +5 flail and wearing a +1 robe of positive energy (71% to hit)
You miscast Stone Arrow.
You are very lightly contaminated with residual magic.
Nothing appears to happen.
The wight hits you with a +5 flail.
You feel drained.
Aiming: Stone Arrow (dangerous; 6% risk of failure)
Press: ? - help, Q - select action, (/) - cycle Shift-Dir - straight line, f/p - wight
Aim: a wight, wielding a +5 flail and wearing a +1 robe of positive energy (71% to hit)
The stone arrow hits the wight!
The wight is moderately damaged.
The wight hits you with a +5 flail!
* * * LOW HITPOINT WARNING * * *
Unknown command.
Aiming: Stone Arrow (dangerous; 6% risk of failure)
Press: ? - help, Q - select action, (/) - cycle Shift-Dir - straight line, f/p - wight
Aim: a wight, wielding a +5 flail and wearing a +1 robe of positive energy (moderately damaged, 71% to hit)
The stone arrow hits the wight.
The wight is severely damaged.
The wight hits you with a +5 flail!
You die...
Kikubaaqudgha rasps: "You have failed me!
Welcome... death!"

## #.# ## ....
.. #.#.##.##
#...)... #
#.#...## # #
...#.....#.####
##.#
.......z.......
.#.#
.z.#.[.@)##.###
...### ##...##
...... ##[..
...# ##..# .#.#
#..# ...# ....
...... #..#
###### #..#


You could see a wight.

Vanquished Creatures
  A centaur (D:5)
  A phantom (D:6)
  A gnoll sergeant (D:6)
  4 necrophages
  5 scorpions
  3 wights (D:7)
  A gnoll bouda (D:5)
  A hound (D:6)
  A jelly (D:6)
  An orc priest (D:4)
  2 orc wizards
  10 gnolls
  An adder (D:5)
  A shadow imp (D:6)
  2 white imps (D:5)
  3 ufetubi
  2 worms (D:2)
  3 dart slugs
  13 orcs
  10 endoplasms
  8 giant cockroaches
  6 goblins
  12 hobgoblins
  4 jackals (D:4)
  7 kobolds
  9 quokkas
  8 ball pythons
  7 bats
  7 frilled lizards
  11 rats
145 creatures vanquished.

Vanquished Creatures (collateral kills)
  A black bear (D:4)
  A scorpion (D:4)
  4 gnolls
  11 orcs
17 creatures vanquished.

Vanquished Creatures (others)
  An orc (D:7)
  A goblin (D:7)
  A frilled lizard (D:7)
  A plant (D:1)
4 creatures vanquished.

Grand Total: 166 creatures vanquished

Notes
Turn   | Place    | Note
-------+----------+-------------------------------------------
     0 | D:1      | MakMorn the Deep Elf Hedge Wizard began the quest for the
                  | Orb.
     0 | D:1      | Reached XP level 1. HP: 10/10 MP: 7/7
   259 | D:1      | Reached skill level 5 in Spellcasting
   259 | D:1      | Reached XP level 2. HP: 15/15 MP: 5/10
   273 | D:1      | Learned a level 2 spell: Call Imp
   276 | D:1      | Learned a level 2 spell: Blink
   752 | D:1      | Found a faded altar of an unknown god.
  1389 | D:2      | Reached XP level 3. HP: 19/19 MP: 9/12
  1393 | D:2      | Learned a level 3 spell: Mephitic Cloud
  2921 | D:3      | Reached XP level 4. HP: 24/24 MP: 9/13
  3027 | D:3      | Reached skill level 6 in Spellcasting
  4123 | D:4      | Noticed a scorpion
  4141 | D:4      | Killed a scorpion
  4142 | D:4      | Reached skill level 1 in Air Magic
  4142 | D:4      | Reached skill level 1 in Poison Magic
  4142 | D:4      | Reached XP level 5. HP: 28/28 MP: 16/16
  4709 | D:4      | Reached skill level 7 in Spellcasting
  4768 | D:4      | Reached XP level 6. HP: 32/32 MP: 15/18
  4862 | D:4      | Found a staircase to the Ecumenical Temple.
  4870 | Temple   | Entered the Ecumenical Temple
  4870 | Temple   | Found a transporter.
  4870 | Temple   | Found a transporter.
  4872 | Temple   | Found a transporter.
  4872 | Temple   | Found a transporter.
  4892 | Temple   | Became a worshipper of Kikubaaqudgha
  5075 | D:4      | Found Egefin's Assorted Antiques.
  5080 | D:4      | Bought a scroll labelled JIAHOG WADATHO for 24 gold pieces
  5080 | D:4      | Bought a black potion for 21 gold pieces
  5080 | D:4      | Bought a scroll labelled YNLENAYTAI for 24 gold pieces
  5080 | D:4      | Bought a murky golden potion for 21 gold pieces
  5080 | D:4      | Bought a purple potion for 21 gold pieces
  5632 | D:5      | Entered Level 5 of the Dungeon
  5771 | D:5      | Learned a level 3 spell: Conjure Flame
  5775 | D:5      | Learned a level 3 spell: Stone Arrow
  5796 | D:5      | Reached skill level 1 in Shields
  6143 | D:5      | Identified the +4 long sword of Focus {vorpal, rF+ Will-
                  | Dex+2}
  6158 | D:5      | Reached skill level 8 in Spellcasting
  6158 | D:5      | Reached XP level 7. HP: 35/36 MP: 10/20
  6213 | D:5      | Got Taxt's Precepts of Contamination
  6220 | D:5      | Learned a level 2 spell: Poisonous Vapours
  6590 | D:5      | Reached skill level 1 in Necromancy
  6863 | D:5      | Reached skill level 1 in Earth Magic
  7681 | D:6      | Reached skill level 1 in Fire Magic
  7695 | D:6      | Reached * piety under Kikubaaqudgha
  7695 | D:6      | Received a gift from Kikubaaqudgha
  7897 | D:6      | Reached skill level 9 in Spellcasting
  7897 | D:6      | Reached XP level 8. HP: 7/41 MP: 1/23
  9404 | D:7      | Noticed Dowan
  9435 | D:7      | Slain by a wight

Illustrated notes

Levels and vault maps discovered:
D:1:      minmay_arrival_glassed_features, layout_basic,
          shapermc_ecumenical_altar_mp_ritualfount
D:2:      layout_basic
D:3:      layout_loops_cross, minmay_increasing_density
D:4:      layout_loops_ring, minmay_temple_entry_glassed_door, serial_shops,
          shop, serial_rivers, chequers_serial_rivers_micro_d,
          chequers_serial_rivers_small_3, chequers_serial_rivers_large_a,
          chequers_serial_rivers_room_a
D:5:      layout_rooms, kennysheep_decorative_pillar
D:6:      dreamdust_elfheim, layout_gridville, portal_sewer_entry_f,
          minmay_misc_feat_columns, minmay_liquid_box, reono_crystal_passage
D:7:      minmay_bubble_buster, layout_loops_ring, vehumet_crystals, uniq_pikel,
          uniq_duvessa, uniq_crazy_yiuf_cottage
Temple:   hellmonk_temple_divided_pantheon

Skill      XL: |  1  2  3  4  5  6  7  8 |
---------------+-------------------------+-----
Spellcasting   | 5 6 7 8 9 |  9.8
Conjurations   | 2 3 4 |  4.9
Summonings     | 2 3 |  3.0
Air Magic      | 1 2 |  2.4
Poison Magic   | 1 2 |  2.7
Shields        | 1 |  1.8
Necromancy     | 2 3 |  3.0
Earth Magic    | 1 2 |  2.0
Dodging        | 3 4 |  4.0
Fire Magic     | 1 |  1.8
Stealth        | |  2.4
Translocations | |  1.1

Action                   |  1- 3 |  4- 6 |  7- 9 || total
-------------------------+-------+-------+-------++-------
Melee: Whip              |     2 |       |       ||     2
       Spear             |       |    14 |    42 ||    56
 Cast: Magic Dart        |   148 |   132 |   110 ||   390
       Call Imp          |       |    11 |     9 ||    20
       Mephitic Cloud    |       |     3 |     2 ||     5
       Poisonous Vapours |       |       |    26 ||    26
       Conjure Flame     |       |       |     2 ||     2
       Stone Arrow       |       |       |    27 ||    27
Invok: Unearth Wretches  |       |       |     1 ||     1
  Use: Scroll            |       |       |    10 ||    10
       Potion            |       |       |     1 ||     1
 Stab: Sleeping          |       |     1 |       ||     1
Armor: Robe              |    10 |     8 |    10 ||    28
Dodge: Dodged            |    20 |    29 |    36 ||    85
Block: Buckler           |       |     5 |     9 ||    14
